 Dungeon Crawl Stone Soup version 0.29.0-15-g675c0067aa (webtiles) character file.

Game seed: 11038067019127734504

422 qw the Chopper (level 6, -4/38 HPs)
             Began as a Gargoyle Fighter on Sept 11, 2022.
             Slain by a boulder beetle (19 damage)
             ... on level 7 of the Dungeon.
             The game lasted 00:01:29 (3972 turns).

qw the Chopper (Gargoyle Fighter)                   Turns: 3972, Time: 00:01:30

Health: -4/38      AC: 15    Str: 22    XL:     6   Next: 95%
Magic:  6/6        EV:  9    Int:  8    God:
Gold:   226        SH:  4    Dex:  9    Spells: 5/5 levels left

rFire   . . .      SeeInvis .   Y - +0 war axe
rCold   . . .      Faith    .   c - +0 buckler
rNeg    + . .      Spirit   .   b - +0 scale mail
rPois   inf        Reflect  .   i - +0 helmet
rElec   +          Harm     .   f - +0 cloak
rCorr   .          Rampage  .   j - +1 pair of gloves
Will    .....                   (no boots)
Stlth   ..........              (no amulet)
HPRegen 0.12/turn               (no ring)
MPRegen 0.10/turn               (no ring)

@: no status effects
A: sickness immunity, AC +4, negative energy resistance 1, electricity
resistance, torment resistance 1, petrification resistance
a: no special abilities


You were on level 7 of the Dungeon.
You visited 1 branch of the dungeon, and saw 5 of its levels.

You collected 226 gold pieces.


Innate Abilities, Weirdness & Mutations

You are immune to sickness and miasma.
Your stone body is resilient. (AC +4)
You are immune to poison.
You resist negative energy. (rN+)
You are resistant to electric shocks. (rElec)
You are resistant to unholy torment.
You are immune to petrification.


   Skills:
 - Level 4.2 Fighting
 + Level 5.4 Axes
 - Level 1.4 Throwing
 - Level 3.2 Armour
 - Level 1.5 Dodging
 - Level 3.2 Shields


You had 5 spell levels left.
You didn't know any spells.
Your spell library was empty.

Inventory:

Hand Weapons
 h - a +2 hand axe of holy wrath
 k - a +0 whip
 Y - a +0 war axe (weapon)
Missiles
 r - a javelin (quivered)
Armour
 b - a +0 scale mail (worn)
 c - a +0 buckler (worn)
 f - a +0 cloak (worn)
 i - a +0 helmet (worn)
 j - a +1 pair of gloves (worn)
Scrolls
 g - 3 scrolls of identify
 n - 3 scrolls of magic mapping {unknown}
 q - a scroll of teleportation {unknown}
Potions
 a - a potion of heal wounds
 d - 2 potions of might
 e - a potion of attraction
 l - a potion of brilliance {unknown}
 m - a potion of flight {unknown}
 o - 2 potions of mutation {unknown}
 p - a potion of curing {unknown}

Dungeon Overview and Level Annotations

Branches:
Dungeon (4/15)
 Temple: D:4-7

Altars:
Uskayaw


Message History

You hit the wight.
The wight is moderately damaged.
You closely miss the orc. You block the orc's attack.
You block the wight's attack.
You hit the wight but do no damage.
The wight is moderately damaged.
You slash the orc!
You kill the orc!
The wight closely misses you.
You barely miss the wight.
The wight is moderately damaged.
You hit the boulder beetle but do no damage.
The boulder beetle is lightly wounded.
The boulder beetle bites you.
You hit the boulder beetle but do no damage.
The boulder beetle is lightly wounded.
The boulder beetle bites you but does no damage.
You slash the boulder beetle!
The boulder beetle is lightly wounded.
The boulder beetle leaps!
You barely miss the wight.
The wight is moderately damaged.
The wight barely misses you.
You hit the wight.
The wight is heavily damaged.
The wight barely misses you. You block the wight's attack.
The boulder beetle bites you but does no damage.
You slash the wight!
You destroy the wight!
You hit the boulder beetle.
The boulder beetle bites you but does no damage.
Your Throwing skill increases to level 1!
You hit the boulder beetle but do no damage.
The boulder beetle is moderately wounded.
The boulder beetle bites you but does no damage.
You slash the boulder beetle!
The boulder beetle is moderately wounded.
The boulder beetle bites you. The boulder beetle bites you!!
Ouch! That really hurt!
You die...

##.....##
##.......##
#.........#
+.........+
#.........#
#.......#
#......#
##...#.####
##+##.B@.#
####)#
o..=B...(#
z.##.##...#
# ..#..#
.##..# ..
..# .. ..
.#. ..#


You could see a boulder beetle.

Vanquished Creatures
  A scorpion (D:4)
  A wight (D:7)
  A howler monkey (D:4)
  2 iguanas (D:4)
  Natasha (twice) (D:3)
  Robin (D:2)
  6 adders
  3 dart slugs
  5 orcs
  4 ball pythons
  8 bats
  3 endoplasms
  7 giant cockroaches
  10 hobgoblins
  4 jackals
  2 quokkas
  3 frilled lizards
  16 goblins
  6 kobolds
  3 rats
88 creatures vanquished.

Notes
Turn   | Place    | Note
-------+----------+-------------------------------------------
     0 | D:1      | qw the Gargoyle Fighter began the quest for the Orb.
     0 | D:1      | Reached XP level 1. HP: 14/14 MP: 1/1
     0 | D:1      | 0 ||| qw: Version: 0.1-a-119-g272c26d
     0 | D:1      | 0 ||| qw: Game counter: 10672
     0 | D:1      | 0 ||| qw: Always use a shield: true
     0 | D:1      | 0 ||| qw: God list: Okawaru
     0 | D:1      | 0 ||| qw: Allow faded altars: false
     0 | D:1      | 0 ||| qw: Do Orc after D:15 true
     0 | D:1      | 0 ||| qw: Do second Lair branch before Depths: true
     0 | D:1      | 0 ||| qw: Lair rune preference: random
     0 | D:1      | 0 ||| qw: Plans: Normal, Zot, God:TSO, Crypt, Tomb, Pan,
                  | Slime, Hells, Zig, Abyss, Orb
     0 | D:1      | 0 ||| PLANNING D:1-11
   232 | D:1      | Reached skill level 2 in Axes
   257 | D:1      | 257 ||| Stepping ~*~*~tactically~*~*~ (stealth).
   259 | D:1      | 259 ||| Stepping ~*~*~tactically~*~*~ (stealth).
   295 | D:1      | Reached XP level 2. HP: 19/19 MP: 2/2
   385 | D:1      | Found a faded altar of an unknown god.
   511 | D:1      | 511 ||| DROPPING +0 club.
   640 | D:1      | 640 ||| UPGRADING to +0 cloak.
   645 | D:1      | 645 ||| UPGRADING to +0 helmet.
   650 | D:1      | 650 ||| UPGRADING to +1 pair of gloves.
   655 | D:1      | 655 ||| READING scroll labelled XUODAO SUFUMAAC.
   656 | D:1      | 656 ||| READING 3 scrolls labelled COVVOUM TAPNI.
   657 | D:1      | 657 ||| READING 2 scrolls of identify.
   657 | D:1      | 657 ||| IDENTIFYING purple potion
   658 | D:1      | 658 ||| DROPPING potion of magic.
   672 | D:2      | 672 ||| Stepping ~*~*~tactically~*~*~ (stealth).
   678 | D:2      | Noticed Robin
   679 | D:2      | 679 ||| Stepping ~*~*~tactically~*~*~ (hiding).
   686 | D:2      | Killed Robin
   687 | D:2      | Reached skill level 3 in Axes
   687 | D:2      | Reached XP level 3. HP: 15/23 MP: 3/3
   838 | D:2      | 838 ||| Stepping ~*~*~tactically~*~*~ (stealth).
  1003 | D:2      | Reached XP level 4. HP: 28/28 MP: 4/4
  1097 | D:2      | Reached skill level 4 in Axes
  1610 | D:2      | 1610 ||| DROPPING amulet of magic regeneration.
  1611 | D:2      | 1611 ||| READING 4 scrolls of identify.
  1611 | D:2      | 1611 ||| IDENTIFYING yellow potion
  1612 | D:2      | 1612 ||| READING 3 scrolls of identify.
  1612 | D:2      | 1612 ||| IDENTIFYING glowing brown potion
  1613 | D:2      | 1613 ||| READING 2 scrolls of identify.
  1613 | D:2      | 1613 ||| IDENTIFYING fizzy orange potion
  1614 | D:2      | 1614 ||| DROPPING potion of ambrosia.
  1615 | D:2      | 1615 ||| DROPPING potion of berserk rage.
  1616 | D:2      | 1616 ||| DROPPING potion of degeneration.
  1753 | D:3      | 1753 ||| Stepping ~*~*~tactically~*~*~ (hiding).
  1906 | D:3      | 1906 ||| Stepping ~*~*~tactically~*~*~ (stealth).
  2043 | D:3      | 2043 ||| FLEEEEING.
  2048 | D:3      | 2048 ||| FLEEEEING.
  2052 | D:3      | 2052 ||| FLEEEEING.
  2131 | D:3      | Noticed Natasha
  2132 | D:3      | 2132 ||| Stepping ~*~*~tactically~*~*~ (hiding).
  2141 | D:3      | HP: 5/28 [Natasha (6)]
  2142 | D:3      | Killed Natasha
  2143 | D:3      | Reached XP level 5. HP: 6/32 MP: 5/5
  2441 | D:3      | 2441 ||| Stepping ~*~*~tactically~*~*~ (stealth).
  2724 | D:3      | 2724 ||| Stepping ~*~*~tactically~*~*~ (stealth).
  2744 | D:3      | 2744 ||| READING 3 scrolls of identify.
  2744 | D:3      | 2744 ||| IDENTIFYING bubbling green potion
  2745 | D:3      | 2745 ||| READING 2 scrolls of identify.
  2745 | D:3      | 2745 ||| IDENTIFYING glowing white potion
  2748 | D:3      | 2748 ||| Stepping ~*~*~tactically~*~*~ (stealth).
  2799 | D:3      | Noticed Natasha
  2801 | D:3      | 2801 ||| Stepping ~*~*~tactically~*~*~ (hiding).
  2809 | D:3      | Killed Natasha
  2810 | D:3      | Reached skill level 5 in Axes
  2914 | D:4      | 2914 ||| Stepping ~*~*~tactically~*~*~ (stealth).
  3018 | D:4      | Found a hide-covered altar of Uskayaw.
  3068 | D:4      | 3068 ||| Stepping ~*~*~tactically~*~*~ (stealth).
  3173 | D:4      | Reached XP level 6. HP: 21/38 MP: 6/6
  3386 | D:4      | 3386 ||| Stepping ~*~*~tactically~*~*~ (stealth).
  3392 | D:4      | Reached skill level 1 in Dodging
  3475 | D:4      | 3475 ||| Stepping ~*~*~tactically~*~*~ (stealth).
  3476 | D:4      | 3476 ||| Stepping ~*~*~tactically~*~*~ (stealth).
  3527 | D:4      | 3527 ||| Stepping ~*~*~tactically~*~*~ (stealth).
  3533 | D:4      | 3533 ||| Stepping ~*~*~tactically~*~*~ (stealth).
  3935 | D:4      | You fall into a shaft and drop 3 floors!
  3936 | D:7      | Noticed a boulder beetle
  3951 | D:7      | 3951 ||| Stepping ~*~*~tactically~*~*~ (stealth).
  3971 | D:7      | Reached skill level 1 in Throwing
  3972 | D:7      | Slain by a boulder beetle

Levels and vault maps discovered:
D:1:      scummos_arrival_simple_crosswalls, layout_basic,
          ebering_ecumenical_altar_petrified
D:2:      layout_basic, uniq_robin
D:3:      layout_loops_ring, uniq_natasha
D:4:      layout_basic, nicolae_uskayaw_suspiria, st_stairs_7, nrook_mini_vaults
D:7:      layout_loops_corners, mainiacjoe_overflow_small_starburst,
          chequers_serial_rivers_micro_b, guppyfry_shop_venom, uniq_menkaure

Skill      XL: |  1  2  3  4  5  6 |
---------------+-------------------+-----
Axes           | 2 3 4 5 |  5.4
Fighting       | 4 |  4.2
Dodging        | 1 |  1.5
Throwing       | 1 |  1.4
Armour         | |  3.2
Shields        | |  3.2

Action                   |  1- 3 |  4- 6 || total
-------------------------+-------+-------++-------
Melee: War axe           |    89 |   211 ||   300
Throw: Javelin           |       |     3 ||     3
  Use: Scroll            |     3 |     5 ||     8
Armor: Scale mail        |    75 |   116 ||   191
Dodge: Dodged            |    64 |    73 ||   137
Block: Buckler           |    21 |    43 ||    64

Table legend:
 A = Non-vault XP
 B = Vault XP
 C = Vault XP percentage of total XP
 D = Non-vault monster count
 E = Vault monster count
 F = Vault count percentage of total count
                 A         B        C        D         E       F
            +---------+---------+-------+---------+---------+-------
      Total |     521 |      82 |  13.6 |      75 |      13 |  14.8
            +---------+---------+-------+---------+---------+-------
        D:1 |      14 |       0 |   0.0 |       9 |       0 |   0.0
        D:2 |      74 |      33 |  30.8 |      28 |      11 |  28.2
        D:3 |      85 |      36 |  29.8 |      17 |       1 |   5.6
        D:4 |     271 |      13 |   4.6 |      19 |       1 |   5.0
        D:7 |      77 |       0 |   0.0 |       2 |       0 |   0.0
            +---------+---------+-------+---------+---------+-------
